cohdb
Replays
Latest Replays
All Replays
Popular Replays
Top Player Replays
Match Explorer
How It Works
Community
CoH3 Stats
Reddit
Sign in to upload your games and track your stats! →
Sign in with Steam
Match 41798695
Unlisted
Match 41798695
Overview
Messages
Build Orders
End
Pioneer Squad
Construct Infanterie Kompanie
MG 42 Machine Gun Team
Selects Terror Battlegroup
Selects Machine Gun Camouflage
MG 42 Machine Gun Team
Selects Machine Gun Camouflage
MG 42 Machine Gun Team
Construct Luftwaffe Kompanie
Jäger Squad
Jäger Squad
Support Elements
Medical Bunker
Wirbelwind Flakpanzer
Jäger Squad
Wirbelwind Flakpanzer
Luftwaffe Officer Quarters
Side Skirts
Selects No Quarter
Selects King Tiger Heavy Tank
カルト_くん
U NOOB EZ
MrMisrulent
Darkelf
0
0
Comments
sign in to comment!
No comments posted yet!